AoeStats
← 1679297837

Pilgrims

510038468Analyzed
2v2 RM · 2d ago on Sep 29, 2026· 63m 55s· 4 players
Game mode
Random Map
Map size
Medium (4 player)
Population
200
Speed
Normal
Resources
Standard
Victory
Conquest
Starting age
Dark Age
Ending age
Imperial Age
RankedLock teamsTeams togetherTeam positionsShared explorationLock speedFull tech treeHidden civsTurbo modeCheats
Victory
Defeat
🇲🇽 Malay · Mexico
733
+13
🇨🇴 Turks · Colombia
681
+15
🇨🇳 Italians · China
659
-14
🇨🇳 Persians · China
658
-14
AMADOMANDA
3:16 Loom
10:49 Feudal Age
10:27 Double-Bit Axe
12:59 Fishing Lines
19:59 Wheelbarrow
19:14 Town Watch
23:59 Castle Age
22:23 Man-at-Arms
23:34 Gillnets
24:04 Bow Saw
24:24 Long Swordsman
26:51 Hand Cart
26:31 Gold Mining
26:32 Stone Mining
27:51 Squires
27:37 Arson
27:53 Pikeman
28:39 Town Patrol
29:15 Caravan
30:36 Gold Shaft Mining
30:37 Stone Shaft Mining
30:37 Treadmill Crane
33:41 Imperial Age
32:42 Murder Holes
32:38 Heated Shot
32:59 Masonry
33:09 Ballistics
34:21 Chemistry
34:46 Shipwright
35:12 Conscription
35:33 Halberdier
41:40 Elite Karambit Warrior
41:51 Sappers
43:05 Forging
43:01 Scale Barding Armor
42:56 Padded Archer Armor
42:47 Fletching
42:19 Two-Handed Swordsman
43:03 Forced Levy
43:03 Thalassocracy
43:09 Elite Cannon Galleon
43:11 Demolition Ship
44:02 Medium Warships
45:54 Heavy Warships
46:58 Ballistics
46:28 Heated Shot
46:49 Masonry
46:44 Siege Engineers
46:50 Clinker Construction
46:51 Careening
46:47 Siphons
46:33 Guard Tower
47:05 Bombard Tower
47:25 Iron Casting
46:46 Bodkin Arrow
48:21 Coinage
48:02 Guilds
51:49 Dry Dock
51:49 Carvel Hull
52:34 Blast Furnace
51:34 Bracer
51:54 Leather Archer Armor
55:34 Banking
61:10 Heresy
60:45 Herbal Medicine
61:16 Illumination
60:51 Atonement
61:02 Redemption
60:53 Devotion
61:14 Sanctity
61:09 Block Printing
61:34 Keep
61:32 Ring Archer Armor
63:53 Spies/Treason
Fulgur
9:07 Loom
12:50 Feudal Age
16:49 Fletching
17:03 Padded Archer Armor
19:20 Castle Age
19:28 Town Watch
22:41 Thumb Ring
22:34 Demolition Ship
23:25 Medium Warships
24:51 Wheelbarrow
25:30 Forging
25:26 Scale Barding Armor
25:18 Bodkin Arrow
27:02 Ballistics
30:46 Husbandry
42:02 Double-Bit Axe
41:59 Horse Collar
44:49 Leather Archer Armor
47:49 Bloodlines
60:22 Imperial Age
57:53 Town Patrol
58:32 Iron Casting
58:18 Chain Barding Armor
61:48 Ring Archer Armor
63:40 Parthian Tactics
2205989282
4:49 Loom
14:38 Feudal Age
15:26 Fishing Lines
15:51 Town Watch
16:43 Wheelbarrow
16:04 Double-Bit Axe
21:40 Bloodlines
24:20 Castle Age
28:03 Bow Saw
32:52 Elite Skirmisher
33:40 Padded Archer Armor
33:31 Horse Collar
35:11 Fletching
42:36 Heavy Plow
49:49 Imperial Age
47:24 Bodkin Arrow
47:44 Leather Archer Armor
49:12 Hand Cart
54:26 Imperial Age
1679297837
12:35 Feudal Age
16:43 Fishing Lines
24:06 Castle Age
23:47 Fletching
23:58 Horse Collar
25:05 Bodkin Arrow
29:58 Heavy Plow
30:42 Gillnets
31:00 Gold Mining
31:01 Stone Mining
31:30 Scale Barding Armor
31:36 Forging
31:30 Husbandry
31:41 Bloodlines
32:56 Double-Bit Axe
34:09 Iron Casting
33:55 Chain Barding Armor
34:30 Gold Shaft Mining
34:31 Stone Shaft Mining
35:15 Stone Shaft Mining
35:15 Loom
45:41 Bow Saw
46:34 Wheelbarrow
51:08 Imperial Age
52:42 Conscription
57:28 Elite War Elephant
Connection lost

Rejoining the realm…

Still unreachable

The connection could not be restored.

Session expired

The server has moved on; the page needs a fresh start.